 Dungeon Crawl Stone Soup version bcrawl-1.12.2 (webtiles) character file.

Game seed: 8051893296573687509

75 Ebbett the Skirmisher (level 4, 0/42 HPs)
             Began as a Hill Orc Gladiator on July 24, 2019.
             Slain by Robin
             ... wielding a +0 trident
              (1 damage)
             ... on level 2 of the Dungeon.
             The game lasted 00:05:02 (1534 turns).

Ebbett the Skirmisher (Hill Orc Gladiator)          Turns: 1534, Time: 00:05:03

Health: 0/42       AC:  4    Str: 17    XL:     4   Next: 31%
Magic:  4/4        EV: 12    Int:  8    God:
Gold:   135        SH:  0    Dex: 12    Spells: 3/3 levels left

rFire    . . .     SeeInvis .     - Unarmed
rCold    . . .     Gourm    .   (no shield)
rNeg     . . .     Faith    .   a - +0 leather armour
rPois    .         Spirit   .   b - +0 helmet
rElec    .         Reflect  .   (no cloak)
rCorr    .         Harm     .   (no gloves)
MR       .....                  (no boots)
Stlth    +.........             (no amulet)
HPRegen  0.14/turn              (no ring)
MPRegen  0.09/turn              (no ring)

@: no status effects
A: no striking features
a: no special abilities


You were on level 2 of the Dungeon.
You were not hungry.

You visited 1 branch of the dungeon, and saw 2 of its levels.

You collected 135 gold pieces.

Inventory:

Missiles
 c - 3 throwing nets (quivered) {!f}
Armour
 a - a +0 leather armour (worn)
 b - a +0 helmet (worn)
Jewellery
 f - an uncursed ring of ice {unknown}
Scrolls
 e - 3 scrolls of identify {unknown}
 i - 3 scrolls of remove curse {unknown}
 k - a scroll of teleportation {unknown}
 l - a scroll of fear {unknown}
 m - a scroll of blinking {unknown}
Potions
 g - a potion of berserk rage {unknown}
 h - 3 potions of mutation {unknown}
 j - a potion of agility {unknown}
Comestibles
 d - 2 rations {!d}
 n - 3 chunks of flesh


   Skills:
 + Level 5.0 Fighting
   Level 5.0 Short Blades
   Level 5.0 Long Blades
   Level 5.0 Axes
   Level 5.0 Maces & Flails
   Level 5.0 Polearms
   Level 5.0 Staves
 + Level 2.0 Throwing
 + Level 0.9 Armour
 + Level 2.8 Dodging
 + Level 0.2 Stealth
   Level 5.0 Unarmed Combat


You had 3 spell levels left.
You didn't know any spells.
Your spell library contained the following spells:

 Spells                   Type           Power        Failure   Level  Hunger
 Beastly Appendage        Tmut           #.....       45%         1    ##.....
 Sticks to Snakes         Tmut           #.......     61%         2    ###....
 Spider Form              Tmut/Pois      #..          83%         3    ####...
 Ice Form                 Ice/Tmut       #.......     99%         4    #####..
 Blade Hands              Tmut           #.........   100%        5    ######.


Dungeon Overview and Level Annotations

Branches:
Dungeon (2/12)

Altars:

Annotations:
D:2 Robin


Message History

You barely miss the goblin. Robin misses you. The hobgoblin closely misses you.
The goblin hits you with a +0 club!
* * * LOW HITPOINT WARNING * * *
The goblin barely misses you. The goblin closely misses you.
You completely miss the goblin.
The hobgoblin hits you but does no damage.
The goblin closely misses you. The goblin hits you but does no damage.
The goblin closely misses you.
You barely miss the goblin. The hobgoblin misses you.
The goblin closely misses you. Robin misses you.
The goblin hits you with a cursed -1 dagger.
* * * LOW HITPOINT WARNING * * *
The goblin closely misses you.
You barely miss the goblin. The goblin closely misses you.
The hobgoblin barely misses you.
The goblin hits you with a cursed -1 dagger.
* * * LOW HITPOINT WARNING * * *
You barely miss the goblin.
Robin hits you from afar with a +0 trident.
You die...

#.# #.# #.#.#.#########.#
#.######.# #...)...........#
#........#####.#.###########
#........).....#.#
#.###########..#.#
#.#####........#.#
#....##.#........#
####.##.#.####.###
#.##.#.#g@g...#
#.##.#.#gg#.#.#
#.##.#.#g##.#.#
#.##.#....#.# #
#.##.#...#### #.##.#.#.#
#.##...### #)##.#. #....#


You could see Robin, a hobgoblin and 3 goblins.

Vanquished Creatures
  Jessica (D:2)
  2 adders (D:2)
  A worm (D:2)
  A dart slug (D:2)
  A goblin (D:2)
  4 hobgoblins
  5 kobolds
  A quokka (D:2)
  A ball python (D:1)
  4 bats
  4 frilled lizards
  5 rats
30 creatures vanquished.

Notes
Turn   | Place    | Note
-------+----------+-------------------------------------------
     0 | D:1      | Ebbett the Hill Orc Gladiator began the quest for the Orb.
     0 | D:1      | Reached XP level 1. HP: 20/20 MP: 1/1
   319 | D:1      | Reached XP level 2. HP: 28/28 MP: 2/2
   889 | D:2      | Noticed Jessica
   917 | D:2      | Killed Jessica
   917 | D:2      | Reached XP level 3. HP: 6/35 MP: 3/3
  1326 | D:2      | Reached skill level 5 in Fighting
  1326 | D:2      | Reached XP level 4. HP: 13/42 MP: 4/4
  1520 | D:2      | Identified the +2 helmet of Togoojim {*Slow rPois rC+}
  1520 | D:2      | Noticed Robin
  1533 | D:2      | HP: 1/42 [goblin/cursed -1 dagger[Robin] (3)]
  1534 | D:2      | Slain by Robin

Skill      XL: |  1  2  3 |
---------------+----------+-----
Fighting       | 5 |  5.0
Short Blades   | |  5.0
Long Blades    | |  5.0
Axes           | |  5.0
Maces & Flails | |  5.0
Polearms       | |  5.0
Staves         | |  5.0
Throwing       | |  2.0
Armour         | |  0.9
Dodging        | |  2.8
Stealth        | |  0.2
Unarmed Combat | |  5.0

Action                   |  1- 3 |  4- 6 || total
-------------------------+-------+-------++-------
Melee: Unarmed           |    81 |    33 ||   114
       Punch             |     2 |       ||     2
  Eat: Chunk             |     1 |     1 ||     2
Armor: Leather armour    |    34 |    10 ||    44
Dodge: Dodged            |    76 |    40 ||   116
